 Dungeon Crawl Stone Soup version 0.29.1-4-g47bece8355 (webtiles) character file.

Game seed: 8013074233890162143

198 ChadusMaximus the Covered (level 5, 0/47 HPs)
             Began as a Minotaur Fighter on Dec 11, 2022.
             Slain by Grinder (8 damage)
             ... on level 3 of the Dungeon.
             The game lasted 00:01:51 (2328 turns).

ChadusMaximus the Covered (Minotaur Fighter)        Turns: 2328, Time: 00:01:52

Health: 0/47       AC:  8    Str: 22    XL:     5   Next: 47%
Magic:  4/4        EV:  9    Int:  5    God:
Gold:   217        SH:  4    Dex: 10    Spells: 4/4 levels left

rFire   . . .      SeeInvis .   a - +0 war axe
rCold   . . .      Faith    .   c - +0 buckler
rNeg    . . .      Spirit   .   b - +0 scale mail
rPois   .          Reflect  .   (helmet restricted)
rElec   .          Harm     .   e - +0 cloak
rCorr   .          Rampage  .   (no gloves)
Will    .....                   (no boots)
Stlth   ..........              (no amulet)
HPRegen 0.15/turn               (no ring)
MPRegen 0.09/turn               (no ring)

@: no status effects
A: horns 2, retaliatory headbutt
a: no special abilities


You were on level 3 of the Dungeon.
You visited 1 branch of the dungeon, and saw 3 of its levels.

You collected 217 gold pieces.

Inventory:

Hand Weapons
 a - a +0 war axe (weapon)
Armour
 b - a +0 scale mail (worn)
 c - a +0 buckler (worn)
 e - a +0 cloak (worn)
Wands
 m - a wand of flame (13)
Scrolls
 f - 2 scrolls of fear {unknown}
 g - a scroll of blinking {unknown}
 h - 2 scrolls of identify {unknown}
 k - a scroll of magic mapping {unknown}
Potions
 d - 2 potions of might
 i - a potion of curing {unknown}
 j - a potion of invisibility {unknown}
 l - a potion of heal wounds {unknown}


   Skills:
 + Level 4.8 Fighting
 + Level 4.0 Axes
 + Level 4.9 Armour
 + Level 4.8 Shields


You had 4 spell levels left.
You didn't know any spells.
Your spell library contained the following spells:

 Spells                   Type           Power      Damage    Failure   Level
 Necrotise                Necr           0%         1d4       86%         1
 Vampiric Draining        Necr           0%         2d6       99%         3
 Agony                    Necr           0%         N/A       100%        5


Dungeon Overview and Level Annotations

Branches:
Dungeon (3/15)

Altars:
Zin

Annotations:
D:3 Grinder


Innate Abilities, Weirdness & Mutations

You have a pair of horns on your head.
You reflexively headbutt those who attack you in melee.


Message History

You hit Grinder but do no damage.
Grinder is severely wounded.
You block Grinder's attack. Grinder hits you.
Unknown command.
Unknown command.
You closely miss Grinder. You headbutt Grinder.
Grinder is almost dead.
Grinder hits you.
You writhe in agony.
You closely miss Grinder.
Grinder is almost dead.
Grinder hits you but does no damage.
You barely miss Grinder.
Grinder is almost dead.
Grinder says, "Tell me all your secrets, or I'll kill you."
Grinder hits you.
* * * LOW HITPOINT WARNING * * *
You writhe in agony.
* * * LOW HITPOINT WARNING * * *
You barely miss Grinder.
Grinder is almost dead.
Grinder gestures at you. You resist with significant effort.
Grinder says, "You look like you could use a good racking."
You block Grinder's attack.
You hit Grinder but do no damage.
Grinder is almost dead.
Grinder hits you but does no damage.
You closely miss Grinder.
Grinder is almost dead.
Grinder gestures at you. You resist with significant effort. Grinder hits you.
* * * LOW HITPOINT WARNING * * *
Unknown command.
You hit Grinder.
Grinder is almost dead.
You block Grinder's attack.
You closely miss Grinder. Your headbutt misses Grinder.
Grinder is almost dead.
Grinder hits you!
You die...

####...#
##..........
.......#
########...
.......# ##
........ ######.#
###.. ..###### #.#
#...# #.# #.#.#
#.# #...# #.#
#...# #.# #@#.#
#.# #5# # #.# #.#
#.# #.# ######.#
#.#
.......#########.#
######...........#
...# ###.#########
##.# #.....#


You could see Grinder.

Vanquished Creatures
  Terence (D:2)
  Natasha (thrice) (D:2)
  Robin (D:2)
  2 adders
  An adder zombie (D:2)
  A worm (D:3)
  A spectral bat (D:2)
  4 endoplasms
  A giant cockroach (D:1)
  15 goblins
  10 hobgoblins
  3 ball pythons (D:1)
  A ball python skeleton (D:2)
  A ball python zombie (D:2)
  2 bats
  A frilled lizard (D:1)
  8 kobolds
  A quokka skeleton (D:2)
  A quokka zombie (D:2)
  5 rats
63 creatures vanquished.

Vanquished Creatures (others)
  13 withered plants (D:2)
13 creatures vanquished.

Grand Total: 76 creatures vanquished

Notes
Turn   | Place    | Note
-------+----------+-------------------------------------------
     0 | D:1      | ChadusMaximus the Minotaur Fighter began the quest for the
                  | Orb.
     0 | D:1      | Reached XP level 1. HP: 19/19 MP: 0/0
   231 | D:1      | Reached XP level 2. HP: 27/27 MP: 1/1
   518 | D:1      | Found a faded altar of an unknown god.
   726 | D:1      | Reached XP level 3. HP: 33/33 MP: 2/2
  1030 | D:2      | Noticed Robin
  1053 | D:2      | Killed Robin
  1216 | D:2      | Noticed Terence
  1223 | D:2      | Killed Terence
  1224 | D:2      | Reached XP level 4. HP: 35/41 MP: 3/3
  1576 | D:2      | Noticed Natasha
  1577 | D:2      | Found the +4 dagger "Morg" {pain, Will+ Int+5}
  1597 | D:2      | Killed Natasha
  1724 | D:2      | Noticed Natasha
  1728 | D:2      | Killed Natasha
  1729 | D:2      | Reached XP level 5. HP: 47/47 MP: 4/4
  1849 | D:2      | Noticed Natasha
  1856 | D:2      | Killed Natasha
  2126 | D:3      | Found a glowing silver altar of Zin.
  2300 | D:3      | Noticed Grinder
  2309 | D:3      | Paralysed by Grinder for 4 turns
  2315 | D:3      | Paralysed by Grinder for 5 turns
  2328 | D:3      | Slain by Grinder

Illustrated notes

Levels and vault maps discovered:
D:1:      giann_bridges, layout_basic, shapermc_ecumenical_altar_petra
D:2:      layout_rooms, dilly_guarded_unrand_morg, uniq_terence, uniq_robin
D:3:      minmay_bubble_buster, layout_basic, amcnicky_altar_gilded,
          chequers_jeans, hangedman_abyss_or_decor_stabs, uniq_grinder

Skill      XL: |  1  2  3  4  5 |
---------------+----------------+-----
Fighting       | 4 |  4.8
Shields        | 4 |  4.8
Armour         | 4 |  4.9
Axes           | 3 4 |  4.0

Action                   |  1- 3 |  4- 6 || total
-------------------------+-------+-------++-------
Melee: War axe           |    74 |    63 ||   137
       Headbutt          |     8 |     7 ||    15
Armor: Scale mail        |    27 |    28 ||    55
Dodge: Dodged            |    33 |    19 ||    52
Block: Buckler           |    10 |    12 ||    22
